 Dungeon Crawl Stone Soup version 0.32-a0-86-g8db1b9f803 (webtiles) character file.

Game seed: 10023464984195844453

15658 CowFu the Carver (level 12, -26/106 HPs)
             Began as a Minotaur Fighter on Feb 5, 2024.
             Was an Elder of Dithmenos.
             Annihilated by Rupert
             ... wielding a +1 heavy great sword
              (33 damage)
             ... on level 3 of the Lair of Beasts.
             The game lasted 00:20:40 (10605 turns).

CowFu the Carver (Minotaur Fighter)                Turns: 10605, Time: 00:20:41

Health: -26/106    AC: 17    Str: 22    XL:     12   Next: 3%
Magic:  23/23      EV: 14    Int:  5    God:    Dithmenos [****..]
Gold:   697        SH: 11    Dex: 14    Spells: 11/11 levels left

rFire   + . .        a - +1 scimitar (holy)
rCold   + . .        c - +0 buckler
rNeg    + . .        w - +0 plate armour
rPois   .            (helmet restricted)
rElec   .            F - scarf {repulsion}
rCorr   .            g - +0 pair of gloves
SInv    .            A - +0 pair of boots
Will    .....        h - amulet "Dum Xeag" {Reflect rC+ rN+ Regen+ MP+9 SH+5} Stlth
                     C - +5 ring of evasion
HPRegen 1.17/turn    B - ring of protection from fire
MPRegen 0.18/turn

%: repel missiles, reflection
@: hasted, wreathed by umbra, invisible, very quick
A: horns 2, retaliatory headbutt
a: Renounce Religion, Shadow Step


You were on level 3 of the Lair of Beasts.
You worshipped Dithmenos.
Dithmenos was greatly pleased with you.
You visited 3 branches of the dungeon, and saw 15 of its levels.

You collected 697 gold pieces.

Inventory:

Hand Weapons
 a - a +1 scimitar of holy wrath (weapon)
 b - a +2 rapier of venom
Missiles
 G - 3 throwing nets (quivered)
Armour
 c - a +0 buckler (worn)
 g - a +0 pair of gloves (worn)
 w - a +0 plate armour (worn)
 A - a +0 pair of boots (worn)
 D - a +1 robe of fire resistance
 F - a scarf of repulsion (worn)
Jewellery
 e - an amulet of regeneration
 h - the amulet "Dum Xeag" (around neck) {Reflect rC+ rN+ Regen+ MP+9 SH+5}
   (You acquired it on level 11 of the Dungeon)

   [amulet of reflection]

   Reflect:   It reflects blocked missile attacks.
   rC+:       It protects you from cold.
   rN+:       It protects you from negative energy.
   MP+9:      It affects your magic capacity (+9).
   Regen+:    It increases your rate of health regeneration.
   SH+5:      It affects your SH (+5).
 u - a ring of ice
 B - a ring of protection from fire (right hand)
 C - a +5 ring of evasion (left hand)
Wands
 o - a wand of flame (7)
 t - a wand of mindburst (13)
 H - a wand of polymorph (5)
 J - a wand of roots (5)
 K - a wand of acid (6)
Scrolls
 d - 2 scrolls of revelation
 j - 3 scrolls of identify
 n - a scroll of fog
 p - 7 scrolls of teleportation {unknown}
 v - 2 scrolls of enchant armour {unknown}
 x - 4 scrolls of immolation {unknown}
 y - 4 scrolls of enchant weapon {unknown}
 L - a scroll of amnesia {unknown}
Potions
 f - 5 potions of resistance
 i - 5 potions of enlightenment
 k - 3 potions of lignification
 l - 3 potions of brilliance
 m - 8 potions of curing
 q - 2 potions of degeneration
 s - a potion of magic
 z - a potion of invisibility
 I - a potion of attraction


   Skills:
 + Level 9.6 Fighting
 - Level 14.0 Long Blades
 + Level 9.6 Armour
 + Level 8.0 Dodging
 + Level 9.6 Shields
 - Level 4.0 Invocations
 - Level 4.0 Evocations


You had 11 spell levels left.
You didn't know any spells.
Your spell library contained the following spells:

 Spells                   Type           Power      Damage    Failure   Level
 Call Imp                 Summ           0%         N/A       100%        2
 Cigotuvi's Dreadful Rot  Necr/Alch/Air  0%         N/A       100%        2
 Ensorcelled Hibernation  Hex/Ice        0%         N/A       100%        2
 Sublimation of Blood     Necr           0%         N/A       100%        2
 Fugue of the Fallen      Necr           0%         N/A       100%        3
 Gell's Gravitas          Tloc           0%         N/A       100%        3
 Inner Flame              Hex/Fire       0%         N/A       100%        3
 Teleport Other           Tloc           0%         N/A       100%        3
 Tukima's Dance           Hex            0%         N/A       100%        3
 Anguish                  Hex/Necr       0%         N/A       100%        4
 Cause Fear               Hex            0%         N/A       100%        4
 Flame Wave               Conj/Fire      0%         2d4       100%        4
 Ignite Poison            Fire/Alch      0%         N/A       100%        4
 Manifold Assault         Tloc           0%         N/A       100%        4
 Passage of Golubria      Tloc           0%         N/A       100%        4
 Sticky Flame             Fire/Alch      0%         2d4       100%        4
 Freezing Cloud           Conj/Ice/Air   0%         6-21      100%        5
 Yara's Violent Unravell  Hex/Alch       0%         3d3       100%        5
 Conjure Ball Lightning   Conj/Air       0%         3x3d6     100%        6
 Dispersal                Tloc           0%         N/A       100%        6
 Enfeeble                 Hex            0%         N/A       100%        7
 Summon Hydra             Summ           0%         N/A       100%        7
 Discord                  Hex            0%         N/A       100%        8
 Disjunction              Tloc           0%         N/A       100%        8
 Ignition                 Fire           0%         3d3       100%        8


Dungeon Overview and Level Annotations

Branches:
Dungeon (11/15)            Temple (1/1) D:4            Lair (3/5) D:9
 Shoals (0/4) Lair:2       Spider (0/4) Lair:2          Orc (0/2) D:11

Altars:
Ashenzari
Cheibriados
Dithmenos
Elyvilon
Fedhas
Gozag
Hepliaklqana
Kikubaaqudgha
Makhleb
Nemelex Xobeh
Okawaru
Qazlal
Ru
Sif Muna
Trog
Uskayaw
Vehumet
Wu Jian
Xom
Yredelemnul
Zin
The Shining One

Annotations:
D:7 2 transporters, jlumianski's ghost, novice GnSh
D:11 2 transporters, Cuschuma's ghost, journeyman MiFi
Lair:3 Rupert


Innate Abilities, Weirdness & Mutations

You have a pair of horns on your head.
You reflexively headbutt those who attack you in melee.


Message History

Rupert hits you with a +1 heavy great sword!!!
* * * LOW HITPOINT WARNING * * *
The hell rat roars deafeningly! x2; You hear a deafening roar!
You hear an angry hiss.
You hear a deafening roar!
You hear an angry hiss.
Okay, then.
Okay, then.
You feel much better.
The hell rat roars deafeningly! x2; You hear a deafening roar!
You hear an angry hiss.
A hell rat comes into view. x2
Rupert misses you.
The hell rat roars deafeningly! x2; You hear a deafening roar!
You hear a croak.
Rupert rages.
You feel yourself speed up.
Rupert hits you with a +1 heavy great sword!!!
* * * LOW HITPOINT WARNING * * *
You hear a deafening roar!
You hear an angry hiss.
You hear a deafening roar!
The hell rat roars deafeningly!
You hear an angry hiss.
You hear a deafening roar!
You hear a loud, deep croak!
The hell rat roars deafeningly!
You hear an angry hiss. x4
You hear a deafening roar!
The hell rat roars deafeningly!
You hear a deafening roar!
You hear an angry hiss.
Okay, then.
Okay, then.
Okay, then.
Okay, then.
Aiming: Fastroot
Press: ? - help, Shift-Dir - straight line, f - Rupert
Aim: Rupert, wielding a +1 heavy great sword and wearing a +2 ring mail of cold resistance (heavily wounded, berserk, unable to see you, umbra)
The roots erupt in riotous growth!
Roots grab Rupert.
Roots grab the fungus.
The grasping roots constrict the fungus.
The fungus begins to die.
The grasping roots constrict Rupert.
You hear an angry hiss. x3; You hear a deafening roar!
You hear an angry hiss. x2
You hear a deafening roar!
You hear a roar!
You hear a deafening roar! x2
You hear an angry hiss. x2
Rupert hits you with a +1 heavy great sword!!
You die...
Rupert roars with triumph.

....)..######.......###.....##
........##....#...#.#.#.#...#
..^.<..'...#.....###...####.P#
.......##.###.....###.#.# .##
.......######.#..###.#.####.#
......<# #.<......#.##....#
.......# #.PP....###.....#
.......# #.......###.....#
.......# .##+@...........#
#P.P.#.. #@PP..##..##.##
#..##### #.#.P##....# #.#
#..####..### #. ##......##
##.#.###.######
..............#
............###...
#...b...........


You could see Rupert (berserk, unable to see you, rooted).

Vanquished Creatures
  2 two-headed ogres (D:11)
  Pikel (D:6)
  An ugly thing (D:11)
  A cyclops (D:10)
  A gargoyle (D:11)
  3 cane toads
  Maggie (D:6)
  A polar bear (Lair:2)
  Grinder (D:3)
  4 dream sheep (D:10)
  A snapping turtle (Lair:2)
  Sigmund (D:4)
  3 blink frogs (Lair:2)
  A water elemental (Lair:2)
  5 wyverns
  A basilisk (Lair:1)
  3 wraiths
  A shadow (D:11)
  11 yaks
  Grum (D:11)
  3 steam dragons
  5 water moccasins
  Duvessa (D:6)
  An ice beast (D:4)
  6 black bears
  3 orc warriors
  A sky beast (D:5)
  4 ogres
  12 wolves
  5 centaurs
  3 lemures (D:6)
  A phantom (D:4)
  Blork the orc (D:4)
  2 gnoll sergeants
  10 bullfrogs
  7 scorpions
  Dowan (D:6)
  3 killer bees (D:11)
  An electric eel (Lair:2)
  3 jellies
  3 bombardier beetles
  4 hounds
  4 orc priests
  2 gnoll boudas
  2 sleepcaps
  Natasha (thrice) (D:4)
  2 iguanas (D:5)
  15 orc wizards
  Robin (D:3)
  15 gnolls
  7 adders
  4 shadow imps
  An ufetubus (D:6)
  2 dart slugs
  A ribbon worm (D:2)
  37 orcs
  8 endoplasms
  5 giant cockroaches
  7 goblins (D:3)
  15 hobgoblins
  7 jackals
  3 quokkas
  2 ball pythons
  10 bats
  2 frilled lizards
  9 kobolds
  8 rats
296 creatures vanquished.

Vanquished Creatures (others)
  An orc (D:8)
1 creature vanquished.

Grand Total: 297 creatures vanquished

Notes
Turn   | Place    | Note
-------+----------+-------------------------------------------
     0 | D:1      | CowFu the Minotaur Fighter began the quest for the Orb.
     0 | D:1      | Reached XP level 1. HP: 19/19 MP: 0/0
   169 | D:1      | Reached skill level 3 in Long Blades
   188 | D:1      | Reached XP level 2. HP: 21/26 MP: 1/1
   344 | D:1      | Reached skill level 4 in Long Blades
   495 | D:1      | Reached XP level 3. HP: 29/31 MP: 2/2
  1000 | D:2      | Reached skill level 5 in Long Blades
  1065 | D:2      | Reached XP level 4. HP: 39/39 MP: 3/3
  1261 | D:3      | Noticed Robin
  1269 | D:3      | Killed Robin
  1270 | D:3      | Reached skill level 6 in Long Blades
  1381 | D:3      | Noticed Grinder
  1384 | D:3      | Paralysed by Grinder for 4 turns
  1392 | D:3      | Paralysed by Grinder for 4 turns
  1399 | D:3      | Killed Grinder
  1400 | D:3      | Reached skill level 8 in Long Blades
  1400 | D:3      | Reached XP level 5. HP: 32/45 MP: 4/4
  1400 | D:3      | Reached XP level 6. HP: 37/51 MP: 5/5
  2266 | D:4      | Noticed Blork the orc
  2279 | D:4      | Killed Blork the orc
  2280 | D:4      | Reached skill level 9 in Long Blades
  2374 | D:4      | Noticed an ice beast
  2375 | D:4      | Reached XP level 7. HP: 53/57 MP: 6/6
  2405 | D:4      | Noticed Sigmund
  2415 | D:4      | Killed Sigmund
  2416 | D:4      | Reached skill level 10 in Long Blades
  2636 | D:4      | Found Ittaomm's Antique Armour Boutique.
  2700 | D:4      | Found a staircase to the Ecumenical Temple.
  2711 | Temple   | Entered the Ecumenical Temple
  2730 | Temple   | Became a worshipper of Dithmenos the Shadowed
  2797 | D:4      | Noticed Natasha
  2813 | D:4      | Killed Natasha
  2814 | D:4      | Reached skill level 11 in Long Blades
  3070 | D:4      | Noticed Natasha
  3076 | D:4      | Killed Natasha
  3253 | D:4      | Noticed Natasha
  3259 | D:4      | Killed Natasha
  3262 | D:5      | Entered Level 5 of the Dungeon
  3286 | D:4      | Reached XP level 8. HP: 64/64 MP: 7/7
  3350 | D:5      | Reached skill level 12 in Long Blades
  3546 | D:5      | Reached skill level 13 in Long Blades
  3682 | D:5      | Reached * piety under Dithmenos
  3966 | D:6      | Noticed Maggie
  3978 | D:6      | Killed Maggie
  3979 | D:6      | Reached skill level 14 in Long Blades
  3979 | D:6      | Reached XP level 9. HP: 33/71 MP: 8/8
  4034 | D:6      | Noticed Duvessa
  4035 | D:6      | Noticed Dowan
  4049 | D:6      | Killed Dowan
  4057 | D:6      | Killed Duvessa
  4114 | D:6      | Reached skill level 1 in Dodging
  4114 | D:6      | Reached skill level 1 in Invocations
  4156 | D:6      | Reached skill level 1 in Evocations
  4285 | D:6      | Noticed Pikel
  4334 | D:6      | Killed Pikel
  4389 | D:6      | Reached skill level 5 in Fighting
  4389 | D:6      | Reached skill level 5 in Armour
  4479 | D:6      | Found a sacrificial altar of Ru.
  4555 | D:6      | Found a white marble altar of Elyvilon.
  4678 | D:6      | Reached skill level 5 in Shields
  4821 | D:7      | Found a sparkling altar of Nemelex Xobeh.
  4823 | D:7      | Found a snail-covered altar of Cheibriados.
  4833 | D:7      | Reached ** piety under Dithmenos
  4983 | D:7      | Reached XP level 10. HP: 34/81 MP: 11/11
  5239 | D:7      | Noticed jlumianski's ghost (novice GnSh)
  5265 | D:7      | Found a transporter.
  5271 | D:7      | Found a transporter.
  5992 | D:8      | Found a glowing golden altar of the Shining One.
  6081 | D:9      | Reached *** piety under Dithmenos
  6437 | D:9      | Found a staircase to the Lair.
  6457 | D:9      | Reached skill level 5 in Dodging
  6701 | D:9      | Found a burning altar of Makhleb.
  6750 | D:10     | Entered Level 10 of the Dungeon
  6936 | D:10     | Noticed a two-headed ogre
  6976 | D:10     | Reached XP level 11. HP: 70/92 MP: 13/13
  7898 | D:11     | Identified a scroll of acquirement
  7898 | D:11     | Acquired the amulet "Dum Xeag" {Reflect rC+ rN+ Regen+ MP+9
                  | SH+5}
  7904 | D:11     | Noticed a two-headed ogre
  7922 | D:11     | Killed a two-headed ogre
  8077 | D:11     | Noticed Grum
  8116 | D:11     | Killed Grum
  8160 | D:11     | Found a staircase to the Orcish Mines.
  8200 | D:11     | Found a transporter.
  8212 | D:11     | Found the amulet of Vitality {RegenMP++ Regen++}
  8232 | D:11     | Found a transporter.
  8307 | D:11     | Noticed a two-headed ogre
  8317 | D:11     | Killed a two-headed ogre
  8317 | D:11     | Reached **** piety under Dithmenos
  8409 | D:11     | Noticed a red ugly thing
  8435 | D:11     | Killed a red ugly thing
  8592 | D:11     | Noticed Cuschuma's ghost (journeyman MiFi)
  8892 | Lair:1   | Entered Level 1 of the Lair of Beasts
  9024 | Lair:1   | Identified the +4 chain mail of Mumeof {Harm rF- rCorr}
  9877 | Lair:2   | Found a staircase to the Shoals.
  9973 | Lair:2   | Found a hole to the Spider Nest.
 10331 | Lair:2   | Reached XP level 12. HP: 100/105 MP: 14/14
 10579 | Lair:3   | Noticed Rupert
 10593 | Lair:3   | HP: 3/106 [Rupert/+1 heavy great sword (42)]
 10597 | Lair:3   | HP: 1/106 [Rupert/+1 heavy great sword (38)]
 10605 | Lair:3   | Annihilated by Rupert

Illustrated notes

Levels and vault maps discovered:
D:1:      lordsloth_arrival_two_stooges, layout_loops_corners
D:2:      layout_rooms, minmay_tromino_v2
D:3:      layout_basic, serial_corexii_hall, corexii_hall_statues_x,
          corexii_hall_statues_s, chequers_hall_statues_corner_a,
          corexii_hall_statues_deadend, minmay_strange_pillars,
          minmay_surrounded, uniq_robin, uniq_grinder
D:4:      layout_loops_corners, minmay_temple_entry_hall, serial_shops,
          kennysheep_little_box, st_stairs_13, uniq_sigmund, uniq_natasha,
          uniq_blork_the_orc
D:5:      layout_rooms, st_stairs_6
D:6:      layout_loops_ring, lemuel_crystal_altar, mainiacjoe_overflow_brackets,
          kennysheep_decorative_pillar, uniq_maggie, uniq_duvessa, uniq_pikel
D:7:      layout_basic, grunt_temple_overflow_open, gammafunk_ghost_hive
D:8:      layout_cave_pools, tso_altar
D:9:      layout_loops_ring, lemuel_tele_altar, due_lair_maze_entry_diamond
D:10:     layout_basic, dreamdust_gnoll_shepherd
D:11:     layout_small_grid, orc_0_dummy, gammafunk_ghost_berserking_beasts,
          marbit_kobold_abyssish, uniq_grum
Temple:   nicolae_temple_slightly_damp_pantheon
Lair:1:   layout_chaotic_city
Lair:2:   layout_hall_layers, minmay_shoals_entry_hut, dummy_spider_entry,
          serial_bayou_lake_a, grunt_megastairs_5
Lair:3:   layout_roguey [special_room_mythical_zoo], minivault_24,
          nicolae_quartered_pool_medium, minivault_19, lemuel_fruit_fields,
          uniq_rupert

Skill      XL: |  1  2  3  4  5  6  7  8  9 10 11 12 |
---------------+-------------------------------------+-----
Long Blades    | 3 4 5 8 9 11 14 | 14.0
Armour         | 5 7 9 |  9.6
Dodging        | 3 5 7 8 |  8.0
Invocations    | 3 4 |  4.0
Fighting       | 5 7 9 |  9.6
Shields        | 5 7 9 |  9.6
Evocations     | 2 4 |  4.0

Action                     |  1- 3 |  4- 6 |  7- 9 | 10-12 || total
---------------------------+-------+-------+-------+-------++-------
  Melee: Long sword        |    77 |   129 |   205 |       ||   411
         Headbutt          |     7 |    13 |    77 |   119 ||   216
         Scimitar          |       |       |   151 |   512 ||   663
  Evoke: Wand              |       |       |       |     1 ||     1
    Use: Potion            |       |     1 |     1 |     3 ||     5
         Scroll            |       |       |     7 |    11 ||    18
   Stab: Invisible         |       |       |       |     3 ||     3
 Armour: Ring mail         |    46 |    40 |       |       ||    86
         Scale mail        |     1 |       |       |       ||     1
         Chain mail        |       |    28 |       |       ||    28
         Plate armour      |       |    18 |   278 |   250 ||   546
  Dodge: Dodged            |    41 |    38 |    79 |   278 ||   436
         Repelled          |       |       |       |     3 ||     3
  Block: Buckler           |    23 |    25 |    60 |   216 ||   324
         Reflection        |       |       |       |     1 ||     1

Table legend: (Time is in decaauts)
 A = Elapsed time spent in this place.
 B = Non-inter-level travel time spent in this place.
 C = Inter-level travel time spent in this place.
 D = Time resting spent in this place.
 E = Time spent auto-exploring this place.
 F = Levels seen in this place.
 G = Mean time per level.
                   A        B        C        D        E       F      G
               +--------+--------+--------+--------+--------+-----+--------+
         Total |  10431 |   9842 |    589 |    100 |   7408 |  15 |  695.4 |
       Dungeon |   8714 |   8213 |    501 |    100 |   6079 |  11 |  792.2 |
        Temple |     38 |      2 |     36 |      0 |      0 |   1 |   38.0 |
          Lair |   1678 |   1627 |     51 |      0 |   1329 |   3 |  559.3 |
               +--------+--------+--------+--------+--------+-----+--------+

Top non-repeatable levels by time:
    D:10: 1129 daAuts
     D:4: 1107 daAuts
     D:3: 938 daAuts
    D:11: 930 daAuts
     D:1: 895 daAuts
     D:6: 870 daAuts
  Lair:1: 810 daAuts
  Lair:2: 796 daAuts
     D:7: 740 daAuts
     D:9: 706 daAuts
     D:5: 580 daAuts
     D:8: 466 daAuts
     D:2: 348 daAuts
  Lair:3: 72 daAuts
  Temple: 38 daAuts
